 Dungeon Crawl Stone Soup version 0.27.1-34-g3ba077fa99 (webtiles) character file.

Game seed: 3843553471812042448

159 DildoBatman the Conjurer (level 5, -1/35 HPs)
             Began as a Formicid Conjurer on Jan 16, 2022.
             Slain by an orc priest (7 damage)
             ... on level 3 of the Dungeon.
             The game lasted 00:05:38 (1552 turns).

DildoBatman the Conjurer (Formicid Conjurer)        Turns: 1552, Time: 00:05:38

Health: -1/35      AC:  2    Str: 11    XL:     5   Next: 68%
Magic:  0/8        EV: 12    Int: 18    God:
Gold:   58         SH:  0    Dex: 10    Spells: 5/8 levels left

rFire    . . .     SeeInvis +   c - +2 falchion (protect)
rCold    . . .     Faith    .   (no shield)
rNeg     . . .     Spirit   .   a - +0 robe
rPois    .         Reflect  .   (helmet unavailable)
rElec    .         Harm     .   (no cloak)
rCorr    .         Rampage  .   (no gloves)
Will     .....                  (no boots)
Stlth    ++........             (no amulet)
HPRegen  0.11/turn              h - ring of wizardry
MPRegen  0.11/turn              (no ring)

@: no status effects
A: permanent stasis, dig shafts and tunnels, antennae 3, four strong arms
a: Dig, Shaft Self


You were on level 3 of the Dungeon.
You visited 1 branch of the dungeon, and saw 3 of its levels.

You collected 58 gold pieces.

Inventory:

Hand Weapons
 c - a +2 falchion of protection (weapon)
 f - a +1 short sword of draining
Missiles
 b - 63 stones
 k - 49 arrows
Armour
 a - a +0 robe (worn)
Jewellery
 h - a ring of wizardry (left hand)
Scrolls
 e - a scroll of noise {unknown}
 g - 3 scrolls of brand weapon {unknown}
 i - a scroll of amnesia {unknown}
 l - a scroll of identify {unknown}
Potions
 d - a potion of curing {unknown}
 j - a potion of invisibility {unknown}


   Skills:
 - Level 1.7 Dodging
 - Level 2.4 Stealth
 - Level 2.1 Spellcasting
 * Level 5.9 Conjurations


You had 5 spell levels left.
You knew the following spells:

 Your Spells              Type           Power      Damage    Failure   Level
a - Searing Ray           Conj           46%        3d4       1%          2
c - Magic Dart            Conj           92%        1d7       1%          1

Your spell library contained the following spells:

 Spells                   Type           Power      Damage    Failure   Level
 Dazzling Flash           Conj/Hex       24%        N/A       6%          3
 Fulminant Prism          Conj/Hex       6%         3d7       21%         4
 Iskenderun's Mystic Bla  Conj/Tloc      12%        2d5       21%         4


Dungeon Overview and Level Annotations

Branches:
Dungeon (3/15)

Altars:

Shops:
D:2 :

Annotations:
D:3 Sigmund


Innate Abilities, Weirdness & Mutations

You cannot be hasted, slowed, berserked, paralysed or teleported.
You can dig through walls and to a lower floor.
You have a pair of large antennae on your head. (SInv)
Your four strong arms can wield two-handed weapons with a shield.


Message History

You riposte.
You miss the bat.
The searing ray hits the orc wizard.
You kill the orc wizard!
The searing ray hits the orc priest but does no damage.
The orc priest is lightly wounded.
The bat hits you but does no damage. The bat barely misses you.
You riposte.
You closely miss the bat.
The orc priest invokes the aid of Beogh against you.
Beogh smites you!
The searing ray hits the bat.
You kill the bat!
The searing ray misses the orc priest.
You finish channeling your searing ray.
The orc priest closely misses you.
Casting: Searing Ray (safe; 1% risk of failure)
Confirm with . or Enter, or press ? or * to list all spells.
Aiming: Searing Ray (safe; 1% risk of failure)
Press: ? - help, Shift-Dir - straight line, f/p - orc priest
Aim: an orc priest, wielding a +0 trident and wearing a +0 ring mail (lightly wounded, 81% to hit)
The searing ray hits the orc wizard.
The orc wizard is moderately wounded.
The searing ray hits the orc priest.
The orc priest is moderately wounded. (Press . to maintain the ray.)
The orc wizard points at you and mumbles some strange words.
You resist with some effort. The orc priest barely misses you.
The searing ray misses the orc wizard.
The searing ray hits the orc priest.
The orc priest is heavily wounded.
The orc wizard hits you with a +0 dagger.
The orc priest calls down the wrath of Beogh upon you.
Beogh smites you!
Without enough magic to sustain it, your searing ray dissipates.
The orc wizard hits you but does no damage.
The orc priest hits you from afar with a +0 trident!
You die...

........####.........
#.####..............#
#.#####.####.........
........# ##........
#.####..# . ##.# #.#
####.# #@##.#
.....oo#...######.#
......o###.........
....!..............
..............#####
.............## {
.......#######
....... ..


You could see an orc priest, an orc wizard and an orc.

Vanquished Creatures
  A bullfrog skeleton (D:3)
  2 orc wizards (D:3)
  2 adders (D:2)
  A worm (D:2)
  2 dart slugs (D:1)
  6 orcs
  A ball python (D:1)
  3 bats
  6 endoplasms
  3 giant cockroaches
  A goblin (D:1)
  2 hobgoblins
  5 jackals (D:2)
  6 kobolds (D:1)
  2 quokkas
  3 frilled lizards
  3 rats
  3 butterflies (D:2)
52 creatures vanquished.

Notes
Turn   | Place    | Note
-------+----------+-------------------------------------------
     0 | D:1      | DildoBatman the Formicid Conjurer began the quest for the
                  | Orb.
     0 | D:1      | Reached XP level 1. HP: 13/13 MP: 3/3
   284 | D:1      | Reached skill level 4 in Conjurations
   284 | D:1      | Reached XP level 2. HP: 18/19 MP: 0/5
   287 | D:1      | Learned a level 2 spell: Searing Ray
   627 | D:1      | Reached XP level 3. HP: 21/24 MP: 6/6
   907 | D:2      | Found Xyuhas's Book Shop.
   971 | D:2      | Found a faded altar of an unknown god.
  1070 | D:2      | Reached XP level 4. HP: 26/30 MP: 3/7
  1123 | D:2      | Reached skill level 5 in Conjurations
  1420 | D:3      | Reached XP level 5. HP: 31/35 MP: 4/8
  1487 | D:3      | Noticed Sigmund
  1552 | D:3      | Slain by an orc priest

Illustrated notes

Levels and vault maps discovered:
D:1:      minmay_arrival_three_doors, layout_loops_corners
D:2:      layout_rooms, serial_aquarium, aquarium_bridge_straight
          [aquarium_subvault_bridge, aquarium_subvault_wall,
          aquarium_subvault_bridge, aquarium_subvault_wall],
          aquarium_bridge_straight [aquarium_subvault_bridge,
          aquarium_subvault_window, aquarium_subvault_bridge,
          aquarium_subvault_wall], aquarium_window_1,
          aquarium_window_corridor_1, aquarium_window_corner, aquarium_view_2d,
          aquarium_view_2b, aquarium_pool_side, serial_shops, shop,
          dreamdust_ecumenical_altar_grove
D:3:      layout_basic, gup_sewer_entry_bubbles, ebering_ghost_sewer_f,
          minmay_pentangle, uniq_sigmund

Skill      XL: |  1  2  3  4 |
---------------+-------------+-----
Conjurations   | 4 5 |  5.9
Dodging        | |  1.7
Stealth        | |  2.4
Spellcasting   | |  2.1

Action                   |  1- 3 |  4- 6 || total
-------------------------+-------+-------++-------
Melee: Short sword       |    16 |       ||    16
       Falchion          |    23 |    19 ||    42
 Cast: Magic Dart        |    17 |       ||    17
       Searing Ray       |     6 |     8 ||    14
 Abil: Dig               |     6 |     3 ||     9
 Stab: Sleeping          |     3 |       ||     3
Armor: Robe              |    11 |    11 ||    22
Dodge: Dodged            |    23 |    22 ||    45
       Rpst.: Falchion   |     3 |    11 ||    14
